 Dungeon Crawl Stone Soup version 0.29.1-2-gbd0b4ee654 (webtiles) character file.

Game seed: 11494926866979551502

49 DildoBatman the Conjurer (level 4, -1/30 HPs)
             Began as a Formicid Conjurer on Nov 21, 2022.
             Slain by a jackal (3 damage)
             ... on level 2 of the Dungeon.
             The game lasted 00:02:38 (1293 turns).

DildoBatman the Conjurer (Formicid Conjurer)        Turns: 1293, Time: 00:02:38

Health: -1/30      AC:  2    Str: 12    XL:     4   Next: 1%
Magic:  7/7        EV: 12    Int: 19    God:
Gold:   58         SH:  0    Dex: 12    Spells: 4/7 levels left

rFire   . . .      SeeInvis +   a - +1 sling (flame)
rCold   . . .      Faith    .   (no shield)
rNeg    . . .      Spirit   .   h - +0 robe
rPois   .          Reflect  .   (helmet unavailable)
rElec   .          Harm     .   (no cloak)
rCorr   .          Rampage  .   (no gloves)
Will    .....                   (no boots)
Stlth   ++........              (no amulet)
HPRegen 0.10/turn               (no ring)
MPRegen 0.10/turn               (no ring)

@: no status effects
A: permanent stasis, dig shafts and tunnels, antennae 3, four strong arms
a: Dig, Shaft Self


You were on level 2 of the Dungeon.
You visited 1 branch of the dungeon, and saw 2 of its levels.

You collected 58 gold pieces.

Inventory:

Hand Weapons
 a - a +1 sling of flaming (weapon)
Missiles
 c - 23 stones
 e - 5 poisoned darts
Armour
 h - a +0 robe (worn)
Scrolls
 g - a scroll of identify {unknown}
Potions
 b - 2 potions of magic
 d - a potion of curing {unknown}
 f - a potion of resistance {unknown}
 i - a potion of cancellation {unknown}


   Skills:
 - Level 1.7 Dodging
 - Level 2.4 Stealth
 - Level 2.1 Spellcasting
 * Level 4.8 Conjurations


You had 4 spell levels left.
You knew the following spells:

 Your Spells              Type           Power      Damage    Failure   Level
a - Searing Ray           Conj           40%        2d5       3%          2
c - Magic Dart            Conj           80%        1d7       2%          1

Your spell library contained the following spells:

 Spells                   Type           Power      Damage    Failure   Level
 Dazzling Flash           Conj/Hex       22%        N/A       19%         3
 Gell's Gravitas          Tloc           2%         N/A       45%         3
 Lesser Beckoning         Tloc           2%         N/A       45%         3
 Teleport Other           Tloc           2%         N/A       45%         3
 Fulminant Prism          Conj/Hex       5%         3d7       52%         4
 Iskenderun's Mystic Bla  Conj/Tloc      11%        2d4       52%         4


Dungeon Overview and Level Annotations

Branches:
Dungeon (2/15)

Altars:
Vehumet


Innate Abilities, Weirdness & Mutations

You cannot be hasted, slowed, berserked, paralysed or teleported.
You can dig through walls and to a lower floor.
You have a pair of large antennae on your head. (SInv)
Your four strong arms can wield two-handed weapons with a shield.


Message History

t - Shout!
Orders for allies: a - Attack new target. r - Retreat! s - Stop attacking. g - Guard the area. f - Follow me.
Anything else - Cancel.
You shout for attention!
The jackal barely misses you. The jackal closely misses you.
The jackal bites you. The jackal misses you. What are your orders? t - Shout!
Orders for allies: a - Attack new target. r - Retreat! s - Stop attacking. g - Guard the area. f - Follow me.
Anything else - Cancel.
You shout for attention!
The jackal misses you. The jackal completely misses you. The jackal misses you.
What are your orders? t - Shout!
Orders for allies: a - Attack new target. r - Retreat! s - Stop attacking. g - Guard the area. f - Follow me.
Anything else - Cancel.
You shout for attention!
The jackal closely misses you. The jackal barely misses you. x2
The jackal bites you but does no damage.
The jackal bites you. x2
What are your orders? t - Shout!
Orders for allies: a - Attack new target. r - Retreat! s - Stop attacking. g - Guard the area. f - Follow me.
Anything else - Cancel.
You shout for attention!
The jackal bites you.
You die...

..>...#......
......#.....#
#...†.#.....#
+........?..#
..........#
........#
#......#
#hh.# #.#
#@h.# #.#
#...# #.#
#...# #.#
#...# #.#
#...# #.#
#...# {
#.###...#
#####.......#
>..
#.....†###'##


You could see 3 jackals.

Vanquished Creatures
  An adder (D:2)
  A worm (D:1)
  A dart slug (D:1)
  An endoplasm (D:1)
  3 hobgoblins
  A jackal (D:2)
  4 kobolds
  3 quokkas
  4 ball pythons
  6 bats
  A frilled lizard (D:1)
  3 goblins (D:1)
  5 rats
34 creatures vanquished.

Notes
Turn   | Place    | Note
-------+----------+-------------------------------------------
     0 | D:1      | DildoBatman the Formicid Conjurer began the quest for the
                  | Orb.
     0 | D:1      | Reached XP level 1. HP: 13/13 MP: 3/3
    41 | D:1      | Found a faded altar of an unknown god.
   200 | D:1      | Reached XP level 2. HP: 19/19 MP: 3/5
   204 | D:1      | Reached skill level 4 in Conjurations
   207 | D:1      | Learned a level 2 spell: Searing Ray
   610 | D:1      | Reached XP level 3. HP: 24/24 MP: 4/6
  1220 | D:2      | Found a radiant altar of Vehumet.
  1271 | D:2      | Reached XP level 4. HP: 30/30 MP: 7/7
  1293 | D:2      | Slain by a jackal

Illustrated notes

Levels and vault maps discovered:
D:1:      eino_arrival_tree_alley, layout_loops_ring,
          shapermc_ecumenical_altar_starsandcircs, minmay_octomino_c4
D:2:      layout_basic, serial_shops, nicolae_shop_behind_doors, basic_altar,
          minmay_misc_feat_columns, skrybe_limestone_x, kennysheep_small_spiral,
          roderic_serpentine_path, minivault_25, uniq_crazy_yiuf_cottage

Skill      XL: |  1  2 |
---------------+-------+-----
Conjurations   | 4 |  4.8
Dodging        | |  1.7
Stealth        | |  2.4
Spellcasting   | |  2.1

Action                   |  1- 3 |  4- 6 || total
-------------------------+-------+-------++-------
Melee: Dagger            |    27 |       ||    27
 Fire: Sling             |     6 |       ||     6
 Cast: Magic Dart        |    42 |       ||    42
       Searing Ray       |     4 |       ||     4
Armor: Robe              |     9 |    10 ||    19
Dodge: Dodged            |    24 |    42 ||    66
